 Dungeon Crawl Stone Soup version 0.31-a0-981-geadf994542 (webtiles) character file.

Game seed: 8769244880528134536

1360 horus123 the Cleaver (level 8, -9/61 HPs)
             Began as a Human Fighter on Nov 1, 2023.
             Was an Initiate of Vehumet.
             Mangled by Duvessa
             ... wielding a +0 short sword of venom
              (10 damage)
             ... on level 7 of the Dungeon.
             The game lasted 00:09:52 (5553 turns).

horus123 the Cleaver (Human Fighter)                Turns: 5553, Time: 00:09:52

Health: -9/61      AC: 13    Str: 20    XL:     8   Next: 96%
Magic:  13/13      EV:  7    Int: 14    God:    Vehumet [......]
Gold:   404        SH:  4    Dex: 12    Spells: 10/13 levels left

rFire   . . .        y - +1 hand axe (elec)
rCold   . . .        c - +0 buckler
rNeg    . . .        m - +0 chain mail
rPois   +            (no helmet)
rElec   .            H - +2 cloak {rPois}
rCorr   .            (no gloves)
SInv    .            (no boots)
Will    .....        o - amulet of magic regeneration Stlth
                     s - ring of poison resistance
HPRegen 0.30/turn    E - +6 ring of intelligence
MPRegen 0.53/turn

%: no passive effects
@: lethally poisoned (-9 -> -19)
A: no striking features
a: Renounce Religion


You were on level 7 of the Dungeon.
You worshipped Vehumet.
Vehumet was noncommittal.
You visited 2 branches of the dungeon, and saw 8 of its levels.

You collected 404 gold pieces.

Inventory:

Hand Weapons
 a - a +0 war axe
 y - a +1 hand axe of electrocution (weapon)
 I - a +2 quarterstaff of chaos
Missiles
 q - 5 javelins (quivered)
 t - 11 poisoned darts
Armour
 c - a +0 buckler (worn)
 i - a +0 cloak
 m - a +0 chain mail (worn)
 p - a +1 robe of resistance
 G - a +0 ring mail
 H - a +2 cloak of poison resistance (worn)
Jewellery
 o - an amulet of magic regeneration (around neck)
 s - a ring of poison resistance (left hand)
 E - a +6 ring of intelligence (right hand)
Scrolls
 b - 2 scrolls of torment {unknown}
 d - a scroll of vulnerability {unknown}
 f - a scroll of fear {unknown}
 g - a scroll of poison {unknown}
 j - a scroll of summoning {unknown}
 k - 10 scrolls of identify {unknown}
 n - 5 scrolls of enchant weapon {unknown}
 u - 2 scrolls of teleportation {unknown}
 w - 2 scrolls of immolation {unknown}
 z - a scroll of fog {unknown}
 B - a scroll of revelation {unknown}
 C - 2 scrolls of noise {unknown}
 D - 2 scrolls of amnesia {unknown}
Potions
 h - 4 potions of attraction {unknown}
 l - 3 potions of mutation {unknown}
 r - 2 potions of lignification {unknown}
 v - a potion of cancellation {unknown}
 x - a potion of curing {unknown}
 A - a potion of haste {unknown}
 F - a potion of ambrosia {unknown}


   Skills:
 + Level 4.3 Fighting
 - Level 8.2 Axes
 - Level 5.0 Armour
 - Level 3.0 Shields
 - Level 3.3 Spellcasting


You had 10 spell levels left.
You knew the following spells:

 Your Spells              Type           Power      Damage    Failure   Level
a - Summon Guardian Gole  Hex/Summ       2%         N/A       99%         3

Your spell library contained the following spells:

 Spells                   Type           Power      Damage    Failure   Level
 Orb of Destruction       Conj           1%         9d5       100%        7
 Spellforged Servitor     Conj/Summ      1%         N/A       100%        7


Dungeon Overview and Level Annotations

Branches:
Dungeon (7/15)             Temple (1/1) D:6

Altars:
Ashenzari
Cheibriados
Dithmenos
Elyvilon
Fedhas
Gozag
Hepliaklqana
Kikubaaqudgha
Makhleb
Nemelex Xobeh
Okawaru
Qazlal
Ru
Sif Muna
Trog
Uskayaw
Vehumet
Wu Jian
Xom
Yredelemnul
Zin
The Shining One

Annotations:
D:7 Duvessa
Temple 2 transporters


Message History

Duvessa is severely wounded.
You feel sick.
Duvessa hits you with a +0 short sword of venom!
Duvessa hits you but does no damage.
You are more poisoned.
You hit Duvessa but do no damage.
Duvessa is severely wounded.
You feel very sick.
Duvessa hits you with a +0 short sword of venom!
* * * LOW HITPOINT WARNING * * *
You feel much better.
You feel very sick.
Duvessa hits you with a +0 short sword of venom.
* * * LOW HITPOINT WARNING * * *
Duvessa hits you with a +0 short sword of venom!
* * * LOW HITPOINT WARNING * * *
You feel much better.
You feel very sick. Duvessa hits you but does no damage.
You are lethally poisoned!
You closely miss Duvessa.
Duvessa is severely wounded.
* * * LOW HITPOINT WARNING * * *
You feel very sick. You block Duvessa's attack.
Duvessa hits you with a +0 short sword of venom!
* * * LOW HITPOINT WARNING * * *
Unknown command.
Unknown command.
You hit Duvessa but do no damage. Lightning courses through Duvessa!
Duvessa is severely wounded.
* * * LOW HITPOINT WARNING * * *
You feel very sick. Duvessa hits you but does no damage.
You barely miss Duvessa.
Duvessa is severely wounded.
* * * LOW HITPOINT WARNING * * *
You feel sick.
Duvessa hits you with a +0 short sword of venom!
You die...

#.#.# #.#.#
##.#.#######
#..........#
#.#..#.....#
#.#..#.....#
#.#..#.....#.#
#.#.)'........
......##@.......
.........e..##.#
###.#.#.....'..#
....>##....####
###.#. ....... #
#. ........
........#
#........#


You could see Duvessa (berserk).

Vanquished Creatures
  2 water moccasins
  An orc warrior (D:5)
  A sky beast (D:6)
  3 ice beasts
  A centaur (D:6)
  A scorpion (D:6)
  Dowan (D:7)
  Crazy Yiuf (D:6)
  2 orc priests
  A gnoll bouda (D:6)
  2 hounds (D:5)
  2 iguanas (D:5)
  A jelly (D:4)
  9 gnolls
  7 adders
  A shadow imp (D:6)
  A white imp (D:5)
  3 worms
  7 orcs
  8 endoplasms
  2 giant cockroaches (D:1)
  4 goblins
  7 hobgoblins
  3 jackals (D:1)
  4 kobolds
  6 quokkas
  9 ball pythons
  2 bats (D:1)
  3 frilled lizards
  3 rats
98 creatures vanquished.

Notes
Turn   | Place    | Note
-------+----------+-------------------------------------------
     0 | D:1      | horus123 the Human Fighter began the quest for the Orb.
     0 | D:1      | Reached XP level 1. HP: 18/18 MP: 1/1
   107 | D:1      | Reached XP level 2. HP: 24/24 MP: 2/2
   323 | D:1      | Reached XP level 3. HP: 30/30 MP: 3/3
   495 | D:1      | Found a faded altar of an unknown god.
  1006 | D:2      | Reached skill level 3 in Axes
  1006 | D:2      | Reached XP level 4. HP: 36/37 MP: 4/4
  2226 | D:4      | Reached skill level 4 in Axes
  2226 | D:4      | Reached XP level 5. HP: 38/42 MP: 5/5
  2446 | D:4      | Noticed an ice beast
  2452 | D:4      | Killed an ice beast
  2453 | D:4      | Reached XP level 6. HP: 48/48 MP: 6/6
  3073 | D:5      | Entered Level 5 of the Dungeon
  3105 | D:5      | Reached skill level 5 in Armour
  3122 | D:5      | Noticed an ice beast
  3131 | D:5      | Killed an ice beast
  3133 | D:5      | Noticed a water moccasin
  3144 | D:5      | Killed a water moccasin
  3145 | D:5      | Reached skill level 5 in Axes
  3145 | D:5      | Reached XP level 7. HP: 28/54 MP: 7/7
  3242 | D:5      | Found a glowing golden altar of the Shining One.
  3426 | D:5      | Reached skill level 6 in Axes
  3906 | D:5      | Reached skill level 7 in Axes
  3906 | D:5      | Reached XP level 8. HP: 22/60 MP: 8/8
  4217 | D:5      | Found a hide-covered altar of Uskayaw.
  4227 | D:5      | Found a snail-covered altar of Cheibriados.
  4382 | D:6      | Found a runed translucent door.
  4383 | D:6      | Noticed Crazy Yiuf
  4820 | D:6      | Reached skill level 8 in Axes
  4835 | D:6      | Found a staircase to the Ecumenical Temple.
  4856 | D:6      | Reached skill level 1 in Spellcasting
  4859 | Temple   | Found a transporter.
  4859 | Temple   | Found a transporter.
  4859 | Temple   | Found a transporter.
  4859 | Temple   | Found a transporter.
  4859 | Temple   | Entered the Ecumenical Temple
  4881 | Temple   | Became a worshipper of Vehumet
  5303 | D:6      | Learned a level 3 spell: Summon Guardian Golem
  5381 | D:6      | Killed Crazy Yiuf
  5509 | D:7      | Noticed Dowan
  5510 | D:7      | Noticed Duvessa
  5530 | D:7      | Killed Dowan
  5548 | D:7      | HP: 3/61 [Duvessa/+0 short sword of venom (15)]
  5549 | D:7      | HP: 1/61 [Duvessa/+0 short sword of venom (12)]
  5553 | D:7      | Mangled by Duvessa

Illustrated notes

Levels and vault maps discovered:
D:1:      minmay_arrival_plants_in_alcoves, layout_basic,
          shapermc_ecumenical_altar_totnotflames
D:2:      layout_basic, dreamdust_wishing_well
D:3:      layout_rooms, item_on_display_b
D:4:      layout_basic
D:5:      layout_basic, mainiacjoe_overflow_tiny_flanked,
          mainiacjoe_overflow_big_doors
D:6:      layout_basic, minmay_temple_entry_mini_moons, nicolae_water_bricks,
          serial_park_tiny_pond, uniq_crazy_yiuf_cottage
D:7:      layout_basic, uniq_duvessa
Temple:   hellmonk_temple_divided_pantheon

Skill      XL: |  1  2  3  4  5  6  7  8 |
---------------+-------------------------+-----
Fighting       | 4 |  4.3
Axes           | 3 4 5 7 8 |  8.2
Armour         | 4 5 |  5.0
Spellcasting   | 3 |  3.3
Shields        | |  3.0

Action                     |  1- 3 |  4- 6 |  7- 9 || total
---------------------------+-------+-------+-------++-------
  Melee: War axe           |    86 |    68 |       ||   154
         Hand axe          |       |    54 |   153 ||   207
    Use: Potion            |       |     2 |     5 ||     7
 Armour: Scale mail        |    20 |       |       ||    20
         Chain mail        |    54 |    71 |   125 ||   250
  Dodge: Dodged            |    42 |    35 |    58 ||   135
  Block: Buckler           |    19 |    24 |    21 ||    64

Table legend: (Time is in decaauts)
 A = Elapsed time spent in this place.
 B = Non-inter-level travel time spent in this place.
 C = Inter-level travel time spent in this place.
 D = Time resting spent in this place.
 E = Time spent auto-exploring this place.
 F = Levels seen in this place.
 G = Mean time per level.
                   A        B        C        D        E       F      G
               +--------+--------+--------+--------+--------+-----+--------+
         Total |   5613 |   5316 |    297 |    204 |   4164 |   8 |  701.6 |
       Dungeon |   5571 |   5274 |    297 |    204 |   4164 |   7 |  795.9 |
        Temple |     42 |     42 |      0 |      0 |      0 |   1 |   42.0 |
               +--------+--------+--------+--------+--------+-----+--------+

Top non-repeatable levels by time:
     D:5: 1301 daAuts
     D:6: 1059 daAuts
     D:2: 945 daAuts
     D:4: 900 daAuts
     D:1: 800 daAuts
     D:3: 488 daAuts
     D:7: 74 daAuts
  Temple: 42 daAuts
